 Dungeon Crawl Stone Soup version 0.30-a0-136-gea98e250e0 (webtiles) character file.

Game seed: 13382228948570364270

257130 Engwar the Peltast (level 19, -3/187 HPs)
             Began as a Minotaur Fighter on Sept 20, 2022.
             Was the Champion of Okawaru.
             Killed from afar by an ironbound thunderhulk (57 damage)
             ... with a bolt of lightning
             ... on level 2 of the Vaults on Sept 21, 2022.
             The game lasted 02:07:48 (45136 turns).

Engwar the Peltast (Minotaur Fighter)              Turns: 45136, Time: 02:07:49

Health: -3/187     AC: 33    Str: 26    XL:     19   Next: 9%
Magic:  24/24      EV:  8    Int:  5    God:    Okawaru [******]
Gold:   1166       SH: 23    Dex: 16    Spells: 18/18 levels left

rFire   + + +      SeeInvis .    H - +5 broad axe (drain)
rCold   . . .      Faith    .    Z - +2 kite shield
rNeg    . . .      Spirit   .    Y - +2 plate armour {Will+}
rPois   .          Reflect  +    b - +0 hat "Xaud Goge" {rF+ Str-3 Dex+2 Slay+2}
rElec   .          Harm     .    L - +3 cloak of the Cobbler {rF+ Dex+4}
rCorr   .          Rampage  .    V - +2 pair of gloves {Stlth+}
Will    +++..                    t - +1 pair of boots of the Fifty Eyes {rF++}
Stlth   ..........               C - amulet of reflection
HPRegen 0.41/turn                A - ring of willpower
MPRegen 0.19/turn                O - +4 ring of slaying

@: studying Axes
A: horns 2, retaliatory headbutt
}: 2/15 runes: decaying, serpentine
a: Renounce Religion, Heroism, Finesse, Duel


You were on level 2 of the Vaults.
You worshipped Okawaru.
Okawaru was exalted by your worship.
You visited 6 branches of the dungeon, and saw 32 of its levels.
You also visited: Bailey.

You collected 4062 gold pieces.
You spent 2896 gold pieces at shops.

Inventory:

Hand Weapons
 p - a +2 demon trident of venom
 H - a +5 broad axe of draining (weapon)
 R - the +8 trident "Qoyrchema" {holy, rN+ Will+}
   (You found it on level 5 of the Lair of Beasts)

   It has been blessed by the Shining One to cause great damage to the undead
   and demons.
   rN:        It protects you from negative energy.
   Will:      It increases your willpower.
Missiles
 c - 2 silver javelins
 n - 11 curare-tipped darts
 w - 4 throwing nets
 M - 3 silver boomerangs
 U - 18 javelins (quivered)
Armour
 b - the +0 hat "Xaud Goge" (worn) {rF+ Str-3 Dex+2 Slay+2}
   (Okawaru gifted it to you on level 10 of the Dungeon)

   Str:       It affects your strength (-3).
   Dex:       It affects your dexterity (+2).
   Slay:      It affects your accuracy & damage with ranged weapons and melee
   (+2).
   rF:        It protects you from fire.
 f - +0 pearl dragon scales
 t - the +1 pair of boots of the Fifty Eyes (worn) {rF++}
   (Okawaru gifted it to you on level 1 of the Swamp)

   rF:        It greatly protects you from fire.
 K - +2 swamp dragon scales
 L - the +3 cloak of the Cobbler (worn) {rF+ Dex+4}
   (Okawaru gifted it to you on level 4 of the Lair of Beasts)

   Dex:       It affects your dexterity (+4).
   rF:        It protects you from fire.
 V - a +2 pair of gloves of stealth (worn)
 Y - a +2 plate armour of willpower (worn)
 Z - a +2 kite shield (worn)
Jewellery
 q - an amulet of guardian spirit
 v - the ring "Roiqyczi" {rN+ rCorr Dex+5}
   (You found it on level 6 of the Dungeon)

   [ring of resist corrosion]

   Dex:       It affects your dexterity (+5).
   rN:        It protects you from negative energy.
   rCorr:     It protects you from acid and corrosion.
 A - a ring of willpower (left hand)
 C - an amulet of reflection (around neck)
 F - a ring of ice
 G - a ring of protection from fire
 J - a ring of willpower
 N - a ring of resist corrosion
 O - a +4 ring of slaying (right hand)
Wands
 r - a wand of roots (20)
 s - a wand of polymorph (9)
 x - a wand of mindburst (29)
 z - a wand of paralysis (33)
 B - a wand of flame (10)
 D - a wand of acid (15)
 I - a wand of digging (18)
Scrolls
 h - 2 scrolls of magic mapping
 i - 3 scrolls of fear
 l - 6 scrolls of blinking
 o - 7 scrolls of teleportation
 y - a scroll of silence
 P - a scroll of vulnerability
Potions
 a - a potion of berserk rage
 d - 5 potions of might
 e - 5 potions of heal wounds
 g - 2 potions of brilliance
 j - 2 potions of attraction
 k - 7 potions of ambrosia
 m - 2 potions of invisibility
 u - 12 potions of curing
 E - a potion of cancellation
 Q - 3 potions of resistance
 T - 4 potions of flight
 W - 2 potions of mutation
 X - 2 potions of haste


   Skills:
 + Level 20.6 Fighting
 - Level 15.9(18.0) Axes
 - Level 13.7(16.9) Polearms
 - Level 9.2 Throwing
 + Level 20.6 Armour
 + Level 20.7 Shields
 - Level 8.0 Invocations
 - Level 4.0 Evocations


You had 18 spell levels left.
You didn't know any spells.
Your spell library contained the following spells:

 Spells                   Type           Power      Damage    Failure   Level
 Freeze                   Ice            0%         1d3       98%         1
 Necrotise                Necr           0%         1d4       98%         1
 Sting                    Tmut/Pois      0%         1d3       98%         1
 Ensorcelled Hibernation  Hex/Ice        0%         N/A       99%         2
 Poisonous Vapours        Pois/Air       0%         N/A       99%         2
 Sublimation of Blood     Necr           0%         N/A       99%         2
 Frozen Ramparts          Ice            0%         1d1       100%        3
 Ignite Poison            Fire/Tmut/Pois 0%         N/A       100%        3
 Inner Flame              Hex/Fire       0%         N/A       100%        3
 Kindle Blastsparks       Fire/Tloc/Air  0%         2d10      100%        3
 Mephitic Cloud           Conj/Pois/Air  0%         N/A       100%        3
 Vampiric Draining        Necr           0%         2d6       100%        3
 Cause Fear               Hex            0%         N/A       100%        4
 Fulminant Prism          Conj/Hex       0%         3d6       100%        4
 Hailstorm                Conj/Ice       0%         3d3       100%        4
 Iskenderun's Mystic Bla  Conj/Tloc      0%         2d3       100%        4
 Olgreb's Toxic Radiance  Pois           0%         N/A       100%        4
 Petrify                  Tmut/Erth      0%         N/A       100%        4
 Agony                    Necr           0%         N/A       100%        5
 Blade Hands              Tmut           0%         N/A       100%        5
 Freezing Cloud           Conj/Ice/Air   0%         6-21      100%        5
 Irradiate                Conj/Tmut      0%         3d11      100%        5
 Lee's Rapid Deconstruct  Erth           0%         3d5*      100%        5
 Iron Shot                Conj/Erth      0%         9d1       100%        6
 Storm Form               Tmut/Air       0%         N/A       100%        7
 Borgnjor's Revivificati  Necr           0%         N/A       100%        8
 Discord                  Hex            0%         N/A       100%        8
 Disjunction              Tloc           0%         N/A       100%        8
 Chain Lightning          Conj/Air       0%         N/A       100%        9
 Polar Vortex             Ice            0%         N/A       100%        9
 Animate Armour           Summ/Erth      Unusable   N/A       N/A         4
 Animate Dead             Necr           Unusable   N/A       N/A         4
 Simulacrum               Ice/Necr       Unusable   N/A       N/A         6
 Malign Gateway           Summ/Tloc      Unusable   N/A       N/A         7

Dungeon Overview and Level Annotations

Branches:
Dungeon (15/15)            Temple (0/1) D:4            Lair (5/5) D:10
  Swamp (4/4) Lair:2        Snake (4/4) Lair:3        Slime (0/5) Lair:4
    Orc (2/2) D:9             Elf (0/3) Orc:2        Vaults (1/5) D:13
 Depths (0/4) D:15         Bailey (visited)

Altars:
Gozag
Nemelex Xobeh
Okawaru
Jiyva

Shops:
D:5 *![:   D:8 *   Orc:2 *=([*   Snake:1 :=:   Vaults:2 [

Annotations:
Lair:4 exclusion: 2 oklob plants


Innate Abilities, Weirdness & Mutations

You have a pair of horns on your head.
You reflexively headbutt those who attack you in melee.


Message History

Okawaru accepts your kill. The ice encasing you melts away.
The vault sentinel blows a loud note on a signal horn!
The vault sentinel casts a spell at you.
You resist with some effort.
Things that are here:
a +0 great mace; a +0 ring mail The vault sentinel unwields a +0 war axe.
The vault sentinel wields a +0 arbalest.
The vault sentinel shoots a bolt.
The bolt barely misses you.
The vault sentinel shoots a bolt.
The bolt hits you!
* * * LOW HITPOINT WARNING * * *
The vault sentinel blows a loud note on a signal horn!
You hear a shout! x2
The vault sentinel unwields a +0 arbalest.
The vault sentinel wields a +0 war axe.
You block the vault sentinel's attack.
Things that are here:
a +0 great mace; a +0 ring mail The vault sentinel gestures at you while chanting.
You resist with some effort.
You slice the vault sentinel!! You drain the vault sentinel!
You headbutt the vault sentinel!
The vault sentinel is severely wounded.
The vault sentinel points at you and mumbles some strange words.
A sentinel's mark forms upon you.
You slash the vault sentinel! You headbutt the vault sentinel.
You kill the vault sentinel!
Okawaru accepts your kill.
There is a broken door, spattered with blood here.
Items here: ))) [[[ †.
Things that are here:
a +0 great mace; a +0 ring mail Your magical effects are unravelling.
You feel magically purged.
The sentinel's mark upon you fades away.
You start resting.
An ironbound thunderhulk comes into view.
It is wielding a +0 dire flail.
Electricity crackles from the ironbound thunderhulk's apparatus.
The bolt of lightning hits you!!!
You die...

#.##)).O.##.#
#..#)....#..#
#...........#
#....###....#
#.....#.....#
#...........#
#######O#########
#.....)....#
#@.........#
#..........#
#..........#
#..........#
#..........#
#..........#
#..........#
#...>......#
############


You could see an ironbound thunderhulk.

Vanquished Creatures
  Jorgrun (D:13)
  The ghost of Cykut the Warrior, an adept BaBe of Trog (Swamp:1)
  Agnes (Snake:1)
  An azure jelly (Swamp:4)
  4 fenstrider witches
  6 nagarajas
  3 vault wardens
  Louise (Swamp:4)
  Aizul (Vaults:1)
  The ghost of knorpule3000 the Grappler, a journeyman PaWr of Gozag (Orc:2)
  3 ironbound preservers
  A ghoul (Swamp:1)
  An orc warlord (Orc:1)
  An ironbound thunderhulk (Vaults:2)
  A dire elephant (Vaults:1)
  2 entropy weavers
  4 eleionomae
  3 bunyips
  A deep elf death mage (Vaults:2)
  Josephine (Orc:1)
  A fire dragon (D:15)
  2 shambling mangroves
  2 great orbs of eyes
  2 yaktaur captains
  3 ice dragons
  3 salamander tyrants
  Harold (D:9)
  8 ghost crabs
  6 vault guards
  A catoblepas (D:13)
  A spriggan air mage (Swamp:4)
  4 boulder beetles
  5 hydras
  3 ironbound frosthearts
  Erica (Orc:2)
  4 centaur warriors
  13 naga warriors
  12 alligators
  8 anacondas
  3 two-headed ogres
  10 shock serpents
  2 tengu warriors (D:13)
  A hell knight (Vaults:1)
  15 naga sharpshooters
  3 orc high priests
  Sonja (Orc:1)
  Urug (D:13)
  2 spriggan berserkers (Swamp:3)
  Amaemon (Lair:1)
  5 salamander mystics
  5 skeletal warriors (D:11)
  3 goliath frogs
  10 deep trolls
  A sea snake (Snake:3)
  A death drake (Swamp:1)
  Lodul (D:10)
  7 spriggan druids
  A glowing orange brain (Vaults:1)
  A death drake (shapeshifter) (D:13)
  7 naga ritualists (Snake:4)
  3 harpies (Vaults:1)
  6 orc knights
  3 lindwurms
  7 bog bodies
  6 swamp dragons
  5 deep elf pyromancers
  9 ironbound convokers
  24 ugly things
  12 mana vipers
  5 orc sorcerers
  3 manticores
  The ghost of alby the Skirmisher, a novice SpHu of Gozag (D:7)
  An oklob plant (D:8)
  6 cyclopes
  4 will-o-the-wisps
  A guardian serpent (shapeshifter) (D:13)
  10 salamanders
  5 guardian serpents
  Maurice (D:10)
  5 apocalypse crabs (Swamp:1)
  30 elephants
  41 black mambas
  5 vault sentinels
  12 naga magi
  12 cane toads
  An orange demon (Lair:1)
  Psyche (D:11)
  Maggie (Lair:2)
  4 rime drakes
  2 unseen horrors
  25 yaktaurs
  An efreet (D:13)
  4 kobold demonologists
  10 komodo dragons
  A tengu conjurer (D:15)
  4 freezing wraiths (Swamp:4)
  4 meliai
  9 trolls
  A polar bear (shapeshifter) (D:13)
  16 hornets
  5 slime creatures (D:13)
  8 polar bears
  3 tyrant leeches
  Prince Ribbit (Bailey)
  15 dream sheep (Lair:5)
  4 blink frogs (Lair:5)
  A blink frog (shapeshifter) (D:15)
  A water elemental (D:14)
  24 spriggans
  6 wraiths
  A shadow (D:13)
  2 vampires
  4 humans (Bailey)
  An unseen horror simulacrum (D:8)
  7 wyverns
  36 yaks
  5 basilisks
  2 steam dragons
  Grum (Lair:1)
  5 redbacks
  4 vampire mosquitoes
  Edmund (D:6)
  11 swamp worms
  6 wargs
  4 swamp worm simulacra (Swamp:4)
  2 acid dragons (D:12)
  55 nagas
  Duvessa (D:6)
  15 hydra simulacra (Swamp:4)
  19 water moccasins
  A swamp drake (Swamp:3)
  30 orc warriors
  5 boggarts (Lair:5)
  3 ice beasts
  A sky beast (D:7)
  3 black bears (Lair:5)
  42 wolves
  11 ogres
  4 centaurs
  A phantom (D:6)
  4 kobold brigands
  15 bullfrogs
  3 gnoll sergeants
  5 scorpions
  A necrophage (D:7)
  3 wights (D:7)
  Dowan (D:6)
  30 killer bees
  5 electric eels
  4 howler monkeys
  11 jellies
  7 orc priests
  3 wyvern simulacra (D:8)
  3 hounds
  16 orc wizards
  3 centaur simulacra (D:8)
  14 gnolls
  5 adders
  3 shadow imps
  A white imp (D:5)
  2 howler monkey simulacra (D:8)
  4 ufetubi
  4 swamp drake simulacra (Swamp:4)
  2 worms
  A worm (shapeshifter) (D:14)
  A dart slug (D:5)
  52 orcs
  8 ball pythons
  21 endoplasms
  2 giant cockroaches (D:4)
  9 goblins
  9 hobgoblins
  4 jackals (D:4)
  3 quokkas
  5 bats
  5 frilled lizards
  18 kobolds
  4 rats (D:1)
1142 creatures vanquished.

Vanquished Creatures (others)
  A bog body (Swamp:4)
  A spriggan druid (Swamp:1)
  A mana viper (Snake:4)
  A bloated husk (Swamp:4)
  A bush (Lair:5)
  6 foxfires
  65 fungi
  106 plants
182 creatures vanquished.

Grand Total: 1324 creatures vanquished

Notes
Turn   | Place    | Note
-------+----------+-------------------------------------------
     0 | D:1      | Engwar the Minotaur Fighter began the quest for the Orb.
     0 | D:1      | Reached XP level 1. HP: 19/19 MP: 0/0
   268 | D:1      | Reached XP level 2. HP: 26/27 MP: 1/1
   774 | D:1      | Reached XP level 3. HP: 33/33 MP: 2/2
  1878 | D:3      | Found a faded altar of an unknown god.
  1937 | D:3      | Reached XP level 4. HP: 35/40 MP: 3/3
  1950 | D:3      | Reached skill level 1 in Polearms
  2157 | D:3      | Found an iron altar of Okawaru.
  2180 | D:3      | Became a worshipper of Warmaster Okawaru
  2475 | D:4      | Reached XP level 5. HP: 47/47 MP: 4/4
  2492 | D:4      | Found a staircase to the Ecumenical Temple.
  2641 | D:4      | Got the Encyclopedia of Malignant Rituals
  2674 | D:4      | Reached XP level 6. HP: 48/55 MP: 5/5
  3405 | D:5      | Entered Level 5 of the Dungeon
  3405 | D:5      | Found Cuwur's Distillery.
  3475 | D:5      | Bought a potion of curing for 33 gold pieces
  3718 | D:5      | Reached skill level 5 in Fighting
  3718 | D:5      | Reached skill level 5 in Armour
  3718 | D:5      | Reached skill level 5 in Shields
  3858 | D:5      | Reached * piety under Okawaru
  3940 | D:5      | Found Foycil's Assorted Antiques.
  4037 | D:5      | Found Qyit's Book Boutique.
  4038 | D:5      | Found Pesilau's Antique Armour Boutique.
  4102 | D:5      | Reached XP level 7. HP: 61/61 MP: 6/6
  4260 | D:6      | Identified the ring "Roiqyczi" {rN+ rCorr Dex+5}
  4301 | D:6      | Reached skill level 5 in Polearms
  4329 | D:6      | Noticed a steam dragon
  4332 | D:6      | Killed a steam dragon
  4333 | D:6      | Reached skill level 1 in Invocations
  4414 | D:6      | Noticed Duvessa
  4414 | D:6      | Noticed Dowan
  4418 | D:6      | Killed Dowan
  4424 | D:6      | Killed Duvessa
  4424 | D:6      | Reached ** piety under Okawaru
  4800 | D:6      | Reached XP level 8. HP: 70/70 MP: 8/8
  5061 | D:6      | Noticed Edmund
  5080 | D:6      | Killed Edmund
  5156 | D:7      | Noticed a troll
  5157 | D:7      | Noticed a purple ugly thing
  5159 | D:7      | Noticed alby's ghost (novice SpHu)
  5235 | D:7      | Found a transporter.
  5455 | D:7      | Identified the +10 dagger "Gastraoxo" {drain, Dex+2}
  5514 | D:7      | Reached *** piety under Okawaru
  5679 | D:7      | Noticed a troll
  5683 | D:7      | Killed a troll
  5832 | D:7      | Reached XP level 9. HP: 69/78 MP: 10/10
  5888 | D:7      | Noticed a deep elf pyromancer
  5892 | D:7      | Killed a deep elf pyromancer
  5892 | D:7      | Reached **** piety under Okawaru
  6076 | D:7      | Found a transporter.
  6960 | D:8      | Identified the +5 trident "Yhioll" {flame, Fly rF+}
  7010 | D:8      | Found Fofev's Assorted Antiques.
  7016 | D:8      | Bought a scroll labelled HEESMYXUDY for 25 gold pieces
  7016 | D:8      | Bought a scroll labelled DAMMEU PUHY for 25 gold pieces
  7498 | D:8      | Noticed a polar bear
  7504 | D:8      | Killed a polar bear
  8032 | D:8      | Reached XP level 10. HP: 74/88 MP: 12/12
  8158 | D:8      | Reached ***** piety under Okawaru
  8241 | D:8      | Noticed an oklob plant
  8253 | D:8      | Reached skill level 5 in Invocations
  8256 | D:8      | Reached skill level 10 in Polearms
  8388 | D:8      | Killed an oklob plant
  8754 | D:9      | Noticed Harold
  8786 | D:9      | Reached skill level 1 in Throwing
  8862 | D:9      | Found a staircase to the Orcish Mines.
  9069 | D:9      | Killed Harold
  9982 | D:10     | Entered Level 10 of the Dungeon
 10018 | D:10     | Reached XP level 11. HP: 97/97 MP: 13/13
 10022 | D:10     | Identified the +0 hat "Xaud Goge" {rF+ Str-3 Dex+2 Slay+2}
                  | (Okawaru gifted it to you on level 10 of the Dungeon)
 10022 | D:10     | Received a gift from Okawaru
 10156 | D:10     | Noticed Maurice
 10167 | D:10     | Killed Maurice
 10193 | D:10     | Found a flagged portal.
 10208 | Bailey   | Entered a bailey
 10315 | Bailey   | Noticed a vault guard
 10323 | Bailey   | Killed a vault guard
 10355 | Bailey   | Noticed Prince Ribbit
 10355 | Bailey   | Noticed a vault guard
 10374 | Bailey   | Killed a vault guard
 10377 | Bailey   | Killed Prince Ribbit
 10971 | D:10     | Reached skill level 10 in Shields
 10974 | D:10     | Reached skill level 10 in Armour
 10976 | D:10     | Noticed Lodul
 10986 | D:10     | Killed Lodul
 10987 | D:10     | Reached skill level 10 in Fighting
 11012 | D:10     | Noticed a two-headed ogre
 11027 | D:10     | Killed a two-headed ogre
 11240 | D:10     | Found a staircase to the Lair.
 11346 | D:10     | Noticed a two-headed ogre
 11356 | D:10     | Killed a two-headed ogre
 11356 | D:10     | Reached ****** piety under Okawaru
 11357 | D:10     | Upgraded the game from 0.30-a0-134-gb40fab5c76 to
                  | 0.30-a0-136-gea98e250e0
 11569 | Lair:1   | Entered Level 1 of the Lair of Beasts
 11569 | Lair:1   | Noticed Grum
 11589 | Lair:1   | Reached skill level 5 in Throwing
 11590 | Lair:1   | Killed Grum
 11698 | Lair:1   | Identified the +0 robe of the Ward {-Cast rF+ Will+}
 11760 | Lair:1   | Reached XP level 12. HP: 94/107 MP: 14/14
 11764 | Lair:1   | Received a gift from Okawaru
 12224 | Lair:1   | Noticed Amaemon
 12238 | Lair:1   | Killed Amaemon
 13349 | Lair:2   | Noticed Maggie
 13359 | Lair:2   | Killed Maggie
 13408 | Lair:2   | Found a staircase to the Swamp.
 14191 | Lair:3   | Found a staircase to the Snake Pit.
 14196 | Lair:3   | Received a gift from Okawaru
 14705 | Lair:3   | Reached XP level 13. HP: 69/118 MP: 17/17
 15505 | Lair:4   | Received a gift from Okawaru
 16384 | Lair:4   | Found a staircase to the Slime Pits.
 16385 | Lair:4   | Found a viscous altar of Jiyva.
 16426 | Lair:4   | Identified the +3 cloak of the Cobbler {rF+ Dex+4} (Okawaru
                  | gifted it to you on level 4 of the Lair of Beasts)
 16426 | Lair:4   | Received a gift from Okawaru
 17347 | Lair:5   | Entered Level 5 of the Lair of Beasts
 17774 | Lair:5   | Reached XP level 14. HP: 75/129 MP: 19/19
 19014 | D:7      | Killed alby's ghost
 19448 | Lair:5   | Received a gift from Okawaru
 19722 | Lair:5   | Identified the +8 trident "Qoyrchema" {holy, rN+ Will+}
 20644 | D:11     | Got Oniagefo's Textbook on the Sky
 20971 | D:11     | Noticed Psyche
 20980 | D:11     | Killed Psyche
 21565 | D:11     | Received a gift from Okawaru
 22329 | D:12     | Found a sparkling altar of Nemelex Xobeh.
 22587 | D:12     | Received a gift from Okawaru
 22912 | D:13     | Received a gift from Okawaru
 22924 | D:13     | Reached skill level 15 in Shields
 23107 | D:13     | Noticed Urug
 23116 | D:13     | Killed Urug
 23243 | D:13     | Reached skill level 15 in Fighting
 23257 | D:13     | Reached skill level 15 in Armour
 23274 | D:13     | Noticed Jorgrun
 23327 | D:13     | Killed Jorgrun
 23347 | D:13     | Reached XP level 15. HP: 48/141 MP: 20/20
 23708 | D:13     | Found a gate to the Vaults.
 23771 | D:13     | Received a gift from Okawaru
 24299 | D:14     | Reached skill level 5 in Axes
 24864 | D:14     | Received a gift from Okawaru
 25520 | D:15     | Entered Level 15 of the Dungeon
 26817 | D:15     | Found a staircase to the Depths.
 27256 | Orc:1    | Entered Level 1 of the Orcish Mines
 27256 | Orc:1    | Noticed Josephine
 27271 | Orc:1    | Killed Josephine
 27514 | Orc:2    | Entered Level 2 of the Orcish Mines
 27780 | Orc:1    | Received a gift from Okawaru
 28097 | Orc:2    | Paralysed by an orc sorcerer for 4 turns
 28605 | Orc:2    | Received a gift from Okawaru
 28620 | Orc:2    | Found a staircase to the Elven Halls.
 28620 | Orc:2    | Found Hatoacey's Jewellery Shoppe.
 28734 | Orc:2    | Found Unidwiacs's Antique Weapon Shoppe.
 28983 | Orc:2    | Found Cysoza's General Store.
 28993 | Orc:2    | Bought a scroll of brand weapon for 114 gold pieces
 29087 | Orc:2    | Found Pukom's Antique Armour Shop.
 29179 | Orc:2    | Found a runed translucent gate.
 29179 | Orc:2    | Found a runed translucent gate.
 29179 | Orc:2    | Found a runed translucent gate.
 29181 | Orc:2    | Found an opulent altar of Gozag.
 29182 | Orc:2    | Found Fymar's Assorted Antiques.
 29183 | Orc:2    | Noticed knorpule3000's ghost (journeyman PaWr)
 29209 | Orc:2    | Killed knorpule3000's ghost
 29236 | Orc:2    | Bought an amethyst potion for 27 gold pieces
 29236 | Orc:2    | Bought a shiny kite shield for 232 gold pieces
 29449 | Orc:1    | Noticed Erica
 29449 | Orc:1    | Noticed Sonja
 29459 | Orc:1    | Killed Sonja
 29472 | Orc:2    | Killed Erica
 29481 | Orc:2    | Reached XP level 16. HP: 87/152 MP: 21/21
 29971 | Orc:2    | Bought an amulet of guardian spirit for 390 gold pieces
 30129 | D:5      | Bought swamp dragon scales for 1600 gold pieces
 30346 | Snake:1  | Entered Level 1 of the Snake Pit
 30387 | Snake:1  | Reached skill level 10 in Axes
 30699 | Snake:1  | Found Dareghatz's Book Emporium.
 30699 | Snake:1  | Found Veubyni's Jewellery Boutique.
 30700 | Snake:1  | Found Owad's Book Emporium.
 30716 | Snake:1  | Bought an amulet of reflection for 450 gold pieces
 30887 | Snake:1  | Noticed Agnes
 30898 | Snake:1  | Killed Agnes
 31118 | Snake:1  | Found a runed translucent gate.
 31118 | Snake:1  | Found a runed translucent gate.
 31465 | Snake:1  | Found a runed translucent gate.
 31872 | Snake:1  | Received a gift from Okawaru
 31872 | Snake:1  | Found the +3 hat of Pondering {ponderous, Will+ MP+10
                  | Int+5}
 33949 | Snake:3  | Received a gift from Okawaru
 34366 | Snake:3  | Received a gift from Okawaru
 34767 | Snake:4  | Entered Level 4 of the Snake Pit
 35343 | Snake:4  | Received a gift from Okawaru
 35347 | Snake:4  | Reached XP level 17. HP: 143/163 MP: 22/22
 35559 | Snake:4  | Reached skill level 15 in Axes
 36701 | Snake:4  | Received a gift from Okawaru
 36950 | Snake:4  | Got a serpentine rune of Zot
 37268 | Swamp:1  | Entered Level 1 of the Swamp
 37698 | Swamp:1  | Noticed Cykut's ghost (adept BaBe)
 37704 | Swamp:1  | Found a runed translucent gate.
 37704 | Swamp:1  | Found a runed translucent gate.
 37706 | Swamp:1  | Found a runed translucent gate.
 37743 | Swamp:1  | Killed Cykut's ghost
 37765 | Swamp:1  | Got Quff's Anthology of Cold and Superposition
 37928 | Swamp:1  | Identified the +1 pair of boots of the Fifty Eyes {rF++}
                  | (Okawaru gifted it to you on level 1 of the Swamp)
 37928 | Swamp:1  | Received a gift from Okawaru
 38334 | Swamp:1  | Found a runed translucent door.
 39385 | Swamp:2  | Reached XP level 18. HP: 176/176 MP: 23/23
 41543 | Swamp:4  | Entered Level 4 of the Swamp
 41929 | Swamp:4  | Identified the +3 ring mail of Anaokhluo {rC+ Int+3}
                  | (Okawaru gifted it to you on level 4 of the Swamp)
 41929 | Swamp:4  | Received a gift from Okawaru
 42047 | Swamp:4  | Reached skill level 1 in Evocations
 42417 | Swamp:4  | Noticed Louise
 42438 | Swamp:4  | Killed Louise
 43080 | Swamp:4  | Got a decaying rune of Zot
 43392 | Vaults:1 | Entered Level 1 of the Vaults
 43546 | Vaults:1 | Noticed Aizul
 43555 | Vaults:1 | Killed Aizul
 44465 | Vaults:1 | You fall into a shaft and drop 1 floor!
 44469 | Vaults:2 | Received a gift from Okawaru
 44573 | Vaults:2 | Received a gift from Okawaru
 44590 | Vaults:2 | Reached XP level 19. HP: 187/187 MP: 24/24
 44649 | Vaults:2 | Received a gift from Okawaru
 44649 | Vaults:2 | Identified a scroll of acquirement
 44669 | Vaults:2 | Found Feamenaz's Armour Shoppe.
 45136 | Vaults:2 | Killed from afar by an ironbound thunderhulk

Illustrated notes

Levels and vault maps discovered:
D:1:      dpeg_arrival_morbid_curiosity, layout_basic,
          minmay_misc_feat_enclosed, st_stairs_2,
          chequers_serial_rivers_micro_d, columned_hall_lemuel,
          minmay_heptomino_h4
D:2:      layout_rooms
D:3:      layout_rooms, overflow_temple_1_default,
          chequers_ecumenical_altar_simple
D:4:      layout_loops_ring, minmay_temple_entry_offerings, serial_aquarium,
          aquarium_bridge_square [aquarium_subvault_balcony,
          aquarium_subvault_bridge, aquarium_subvault_window,
          aquarium_subvault_wall], aquarium_window_1, aquarium_window_1,
          aquarium_window_fake, aquarium_view_2e, aquarium_view_2e
D:5:      layout_layer_cave, serial_shops, shop_statue, shop, shop_fountains,
          nicolae_stop_n_shop_2, hangedman_decor_diamond_cutter,
          minmay_strange_pillars, hangedman_decor_growths
D:6:      layout_loops_corners, uniq_edmund, uniq_duvessa
D:7:      minmay_inner_zag, layout_layer_cave, gammafunk_ghost_arena,
          guppyfry_early_elven_hall
D:8:      lemuel_slime, layout_rooms, serial_ice, serial_ice_e, serial_ice_c,
          serial_ice_k, serial_ice_f, serial_ice_d, serial_ice_o, serial_ice_n,
          serial_ice_m, serial_shops, nicolae_shop_statue_plus
D:9:      layout_cave_pools, minmay_orc_entry_temple_small, uniq_harold
D:10:     layout_loops_ring, lair_entry_dummy, enter_bailey_3,
          serial_bayou_lagoon_a, uniq_lodul, uniq_maurice
D:11:     layout_roguey, uniq_psyche
D:12:     layout_gridville, nemelex_lonely_heart_becter
D:13:     layout_big_octagon, lightli_vaults_fourway_checkpoint, uniq_jorgrun,
          uniq_urug
D:14:     hellmonk_crumbling_castle, layout_gridville, nooodl_orcs_dogs
D:15:     grunt_enter_depths_hoard, layout_irregular_city, nicolae_wwwww,
          nrook_pool_corridor
Lair:1:   layout_cave_pods, uniq_amaemon, uniq_grum
Lair:2:   layout_roguey, skrybe_swamp_entry_bodies, serial_bayou_shore_a,
          uniq_maggie
Lair:3:   layout_loops_ring, guppyfry_snake_entry_garden, minmay_holes,
          serial_bayou_shore_b
Lair:4:   regret_index_harrowing_hell_hive, layout_loops_ring,
          nicolae_slime_entry_slimehenge
Lair:5:   minmay_lair_end_enchanted_forest, layout_cave_pods,
          chequers_serial_rivers_micro_a, grunt_megastairs_5
Swamp:1:  gammafunk_mikee_crab_dinner, layout_basic_swamp,
          gammafunk_ghost_split, evilmike_swamp_ruin_house_4, swamp_pool2
Swamp:2:  layout_falls_marsh, evilmike_swamp_ruin_wall, swamp_pool4,
          infiniplex_staircase_pool
Swamp:3:  layout_basic_swamp, evilmike_swamp_ruin_rubble_1, swamp_pool1
Swamp:4:  swamp_icy, layout_basic_swamp, swamp_pool3, water_boxes_lemuel,
          uniq_louise
Snake:1:  layout_chambers, drop_trap, nicolae_snake_horde_hoard,
          minmay_shop_grove, serial_bayou_shore_b, uniq_agnes
Snake:2:  layout_gridlike, serial_curves, eino_curves_02, eino_curves_04,
          nicolae_snake_squiggles, nicolae_snake_biting_tails
Snake:3:  layout_honeycomb, minmay_snake_pond
Snake:4:  johnstein_snake_rune_scales, layout_gridlike, serial_bayou_pond_d
Orc:1:    layout_caves, uniq_erica, uniq_sonja, uniq_josephine
Orc:2:    grunt_orc_gardens, layout_caves, grunt_orc_garden, grunt_orc_garden,
          grunt_orc_garden, grunt_orc_garden, ebering_ghost_gozag, basic_altar,
          rock_pile
Vaults:1: nicolae_vaults_back_hallway, v_misc_31, vaults_room_large_hall,
          nicolae_vaults_three_branches, grunt_vaults_trifunnel,
          nicolae_vaults_angled_halls, vaults_mumra_hex,
          vaults_room_ringed_pool, ontoclasm_vaults_pinch,
          vaults_room_door_ring, vaults_dpeg_encased_lava,
          hangedman_vaults_impose, layout_vaults_ring, uniq_aizul
Vaults:2: gammafunk_ghost_cemetery, hangedman_vaults_trim,
          hangedman_vaults_corner, vaults_dpeg_hooks,
          nicolae_vaults_network_square, nicolae_vaults_network_periphery,
          grunt_vaults_twisty, hangedman_vaults_variations,
          vaults_room_door_ring, v_misc_23, vaults_room_mumra_shop_pool,
          vaults_mumra_lcd, v_misc_19, v_misc_23, v_misc_8,
          layout_vaults_omnibox, uniq_frederick

Skill      XL: |  1  2  3  4  5  6  7  8  9 10 11 12 13 14 15 16 17 18 |
---------------+-------------------------------------------------------+-----
Axes           | 3 9 14 15 | 15.9
Shields        | 4 5 6 8 9 10 12 13 15 16 17 19 20 | 20.7
Fighting       | 4 5 6 7 8 9 10 12 13 15 16 17 19 20 | 20.6
Armour         | 4 5 6 7 8 9 10 12 13 15 16 17 19 20 | 20.6
Polearms       | 2 3 4 6 7 9 11 13 | 13.7
Invocations    | 2 3 4 5 7 8 |  8.0
Throwing       | 3 5 6 8 9 |  9.2
Evocations     | 4 |  4.0

Action                   |  1- 3 |  4- 6 |  7- 9 | 10-12 | 13-15 | 16-18 | 19-21 || total
-------------------------+-------+-------+-------+-------+-------+-------+-------++-------
Melee: War axe           |    67 |       |       |       |       |       |       ||    67
       Headbutt          |    16 |    10 |    26 |   138 |   371 |   340 |    19 ||   920
       Demon trident     |    14 |    98 |   225 |   641 |  1417 |    11 |       ||  2406
       Trident           |       |       |       |       |    19 |       |       ||    19
       Broad axe         |       |       |       |       |       |  1251 |    51 ||  1302
Throw: Dart              |       |       |       |     5 |     1 |     2 |       ||     8
       Boomerang         |       |       |       |       |       |     6 |       ||     6
Invok: Heroism           |       |       |       |     1 |     2 |     2 |     1 ||     6
       Finesse           |       |       |       |     1 |     2 |     2 |       ||     5
Evoke: Wand              |       |       |     1 |       |       |       |       ||     1
  Use: Scroll            |    11 |     4 |     5 |     8 |    14 |    13 |     4 ||    59
       Potion            |       |       |       |     1 |     5 |     7 |     4 ||    17
 Stab: Distracted        |       |       |       |       |       |     1 |       ||     1
Armor: Scale mail        |    41 |    28 |    69 |    34 |       |       |       ||   172
       Plate armour      |       |       |       |   161 |   687 |    46 |     7 ||   901
       Swamp dragon scal |       |       |       |       |       |   379 |       ||   379
Dodge: Dodged            |    34 |    18 |    53 |   131 |   307 |   315 |     5 ||   863
Block: Buckler           |    14 |     6 |    41 |   125 |   253 |       |       ||   439
       Kite shield       |       |       |       |       |   359 |  1163 |    28 ||  1550
       Reflection        |       |       |       |       |       |   138 |       ||   138

Table legend: (Time is in decaauts)
 A = Elapsed time spent in this place.
 B = Non-inter-level travel time spent in this place.
 C = Inter-level travel time spent in this place.
 D = Time resting spent in this place.
 E = Time spent auto-exploring this place.
 F = Levels seen in this place.
 G = Mean time per level.
                   A        B        C        D        E       F      G
               +--------+--------+--------+--------+--------+-----+--------+
         Total |  44524 |  41822 |   2702 |   9419 |  23571 |  33 | 1349.2 |
       Dungeon |  18415 |  16961 |   1454 |   2213 |  12073 |  15 | 1227.7 |
          Lair |   8682 |   8057 |    625 |   1797 |   5061 |   5 | 1736.4 |
         Swamp |   6050 |   5775 |    275 |   2222 |   1625 |   4 | 1512.5 |
     Snake Pit |   6746 |   6546 |    200 |   1478 |   3049 |   4 | 1686.5 |
  Orcish Mines |   2702 |   2555 |    147 |   1296 |    794 |   2 | 1351.0 |
        Vaults |   1637 |   1637 |      0 |    406 |    846 |   2 |  818.5 |
        Bailey |    290 |    290 |      0 |      5 |    122 |   1 |  290.0 |
               +--------+--------+--------+--------+--------+-----+--------+

Top non-repeatable levels by time:
  Lair:5: 2653 daAuts
 Snake:4: 2291 daAuts
     D:8: 2261 daAuts
  Lair:4: 2050 daAuts
     D:7: 1887 daAuts
 Swamp:2: 1788 daAuts
 Swamp:1: 1770 daAuts
 Snake:1: 1713 daAuts
    D:15: 1573 daAuts
   Orc:1: 1570 daAuts
 Swamp:4: 1569 daAuts
    D:14: 1475 daAuts
  Lair:1: 1436 daAuts
 Snake:2: 1419 daAuts
    D:10: 1373 daAuts
